← All builds
Suicide front / Armada / Factory first / OBSERVED BUILD

Standard suicide front

Armada Suicide front build order · Supreme Isthmus

The role's baseline: Bot Lab at 0:21 then straight into reclaim-fed T1 bot production to contest the middle and hold until T2 arrives, with an Advanced Metal Extractor around 9:45.

#rush · 2007 distinct matches · 229 players · 72% of Armada Suicide front games · team won 59% of 2381 · Recently observed

HOW TO PLAY IT

Key timing: Bot Lab by 0:20

  1. Open with mex and lab-first to get Bot Lab up by 0:20.
  2. Expand mex and wind while lab pumps units toward middle.
  3. Push Sentry and early Rocketeer, Centurion to contest middle.
  4. Get T2 constructor out once Pond's boost lets you spare metal.
  5. Upgrade mex to Advanced Metal Extractor as you transition off T1 spam.

Phase by phase

TYPICAL OF ITS 2007 GAMES
  1. 1
  2. 2
  3. 3
PLAY THE OPENING

Follow the example game's first 6:00 step by step: what to build now, what comes next, and where it goes. At 1× it keeps pace with your own game.

  1. 1

    Bot Lab first

    Order
    1. Bot LabBot Lab done ~0:21, middle half 0:20–0:33

    Some games also: mex (44%)

  2. 2

    Bot Lab to 5:00

    Economy
    • Metal Extractor5Mex
    • Wind Turbine4Wind
    Builders
    • Construction Bot3 Con bot
    • Lazarus2 Lazarus
    Army
    • Sentry4 Sentry
    • Rocketeer16 Rocketeer
    • Tick2 Tick
    • Centurion1 Centurion
    Other
    • Radar Tower1 Radar Tower

    Some games also: pawn (38%) · con turret (34%)

    By 5:00 in all: 5 mex · 4 wind

    The example game in this phase · 51 steps
    1. LazarusLazarus
    2. Mex
    3. CenturionCenturion
    4. SentrySentry
    5. LazarusLazarus
    6. CenturionCenturion
    7. Construction BotCon bot
    8. Radar TowerRadar Tower
    9. Construction BotCon bot
    10. Mex
    11. RocketeerRocketeer ×3
    12. Wind
    13. Mex
    14. Con turret
    15. RocketeerRocketeer
    16. SentrySentry
    17. RocketeerRocketeer
    18. SentrySentry
    19. RocketeerRocketeer
    20. Wind
    21. RocketeerRocketeer
    22. SentrySentry
    23. Wind
    24. RocketeerRocketeer
    25. Radar TowerRadar Tower
    26. Wind
    27. RocketeerRocketeer
    28. SentrySentry
    29. Wind
    30. RocketeerRocketeer
    31. Wind
    32. RocketeerRocketeer
    33. SentrySentry
    34. Wind
    35. RocketeerRocketeer
    36. Wind
    37. RocketeerRocketeer
    38. Wind
    39. RocketeerRocketeer
    40. Wind
    41. RocketeerRocketeer
    42. Wind
    43. RocketeerRocketeer
    44. Wind
    45. RocketeerRocketeer
    46. Wind
    47. RocketeerRocketeer
    48. Wind
    49. RocketeerRocketeer
    50. Wind
    51. RocketeerRocketeer
  3. 3

    5:00 to 10:00

    Economy
    • Metal Extractor1Mex
    • Wind Turbine15Wind
    Builders
    • Construction Turret2 Con turret
    • Lazarus2 Lazarus
    • Construction Bot1 Con bot
    Army
    • Sentry1 Sentry
    • Rocketeer8 Rocketeer

    Some games also: pawn (49%) · Radar Tower (46%) · tick (45%) · centurion (44%) · energy storage (43%) · eat Bot Lab (31%)

    By 10:00 in all: 6 mex · 21 wind · 1 energy storage · 2 con turret

    The example game in this phase · 98 steps
    1. Wind
    2. RocketeerRocketeer
    3. Wind
    4. RocketeerRocketeer
    5. Wind
    6. RocketeerRocketeer
    7. Wind
    8. RocketeerRocketeer ×2
    9. Wind
    10. RocketeerRocketeer
    11. Con turret
    12. Wind
    13. RocketeerRocketeer
    14. Wind ×2
    15. Construction BotCon bot
    16. Wind
    17. Advanced solar
    18. Wind
    19. Con turret ×2
    20. Wind
    21. Advanced solar
    22. Wind
    23. Advanced solar
    24. Con turret
    25. GauntletGauntletdone 8:41
    26. Advanced Bot LabAdvanced Bot Labdone 9:07
    27. Bot LabEat Bot Labreclaimed for its metal
    28. SharpshooterSniper botnot finished by 15:00
    29. Advanced Metal ExtractorT2 mexdone 10:32
    30. Advanced Construction BotT2 con botfor Front
    31. Energy storage
    32. Converter
    33. WebberWebber
    34. Advanced Metal ExtractorT2 mexdone 10:57 · typical 9:46
    35. RecluseReclusedone 10:19
    36. Converter
    37. WebberWebber
    38. RecluseRecluse
    39. SharpshooterSniper bot
    40. Wind
    41. Converter
    42. ArchangelArchangeldone 11:00
    43. Wind
    44. Converter
    45. AnemoneAnemone
    46. Advanced Metal ExtractorT2 mex
    47. Wind
    48. Converter
    49. Wind ×2
    50. SharpshooterSniper bot
    51. Wind ×4
    52. Advanced Metal ExtractorT2 mex
    53. Converter
    54. Wind
    55. AnemoneAnemone
    56. SharpshooterSniper bot
    57. Wind
    58. Converter
    59. Wind ×2
    60. Converter
    61. Wind ×2
    62. BeamerBeamer
    63. Wind
    64. SharpshooterSniper bot
    65. Advanced Metal ExtractorT2 mex
    66. Wind ×3
    67. ArchangelArchangel
    68. Advanced Construction BotT2 con bot
    69. ArchangelArchangel
    70. SharpshooterSniper bot
    71. ArchangelArchangel
    72. CompassRadar bot
    73. Bot LabBot Labdone 13:55
    74. SmugglerJammer bot
    75. ArchangelArchangel
    76. Construction BotCon bot
    77. TickTick
    78. SharpshooterSniper bot
    79. TickTick
    80. Fusion ReactorFusionnot finished by 15:00
    81. Advanced Metal ExtractorT2 mex
    82. TickTick ×7
    83. Con turret
    84. TickTick
    85. ArchangelArchangel
    86. TickTick
    87. Con turret
    88. TickTick ×3
    89. ArchangelArchangel
    90. TickTick
    91. Con turret
    92. TickTick ×3
    93. SharpshooterSniper bot
    94. TickTick
    95. Con turret
    96. TickTick ×7
    97. ArchangelArchangel
    98. TickTick

Counts are medians over the build's games: half of them build more, half fewer. The example game is Tism_Contingency's (32 OS, 13/09/2026); pick another.

Team trades

IN AT LEAST 30% OF ITS GAMES

You hand over

Nothing regular.

You get

  • Tidal Generator4 Tidal from Pondfirst at 0:10 · in 68% of games
  • Advanced Construction Bot1 T2 con bot from Geo or Techfirst at 7:41 · in 57% of games

How it plays out

Typical game of this build, running totals by minute

Metal produced

010k20k
0:005:0010:0015:00

metal

Enemy metal destroyed

05k10k
0:005:0010:0015:00

metal

Own metal lost

05k10k
0:005:0010:0015:00

metal

2381 games.

Show as table
ByMetal produced: This buildEnemy metal destroyed: This buildOwn metal lost: This build
1:0023000
2:0088700
3:002009184130
4:003110645502
5:00418513571001
6:00534921831713
7:00653930512597
8:00776039383502
9:00904546934382
10:001041853145176
11:001189258555965
12:001360364066686
13:001541268767439
14:001729875038212
15:001926981098997
WHAT THE NUMBERS SAY

Standard Suicide front play wins a bit over half its games while taking the heaviest own losses of any role by 15:00.

  • + Produces 20142 metal by 15:00, highest of the front roles.
  • + First kill by 2:01 in all games, fastest contest of middle.
  • − Own metal lost hits 9178 by 15:00, more than enemy metal destroyed.
  • − Only 34% Rocketeer share shows army spread thin across many bot types.
THE EXAMPLE YOU ARE READING

Tism_Contingency

31.7 OS · 13/09/2026

Open source match ↗

6 received units · includes a constructor
102 metal received · 60170 energy received

Allied construction assistance is unknown. Timings are observations, not a promise of solo reproducibility.

Typical milestones

Bot Lab0:21Middle 50%: 0:20–0:33 · n=2373
Advanced Metal Extractor9:46Middle 50%: 8:50–10:58 · n=1721

Played most by

_X_262games of this buildPlatinumBlonde188games of this buildXad166games of this buildTrapCaT107games of this buildImmort80games of this build